 Dungeon Crawl Stone Soup version 0.18-a0-867-gfd1cc8f (webtiles) character file.

9 Raultor the Insei (level 2, 0/26 HPs)
             Began as a Draconian Monk on Dec 21, 2015.
             Succumbed to a kobold's poison
             ... on level 1 of the Dungeon.
             The game lasted 00:00:45 (135 turns).

Raultor the Insei (Draconian Monk)                   Turns: 135, Time: 00:00:46

Health: 0/26       AC:  4    Str: 13    XL:     2   Next: 6%
Magic:  2/2        EV: 13    Int: 15    God:
Gold:   19         SH:  0    Dex: 13    Spells: 0 memorised, 1 level left

rFire  . . .     SeeInvis .       - Unarmed
rCold  . . .     Gourm    .     (armour unavailable)
rNeg   . . .     Faith    .     (no shield)
rPois  .         Spirit   .     (helmet restricted)
rElec  .         Dismiss  .     (no cloak)
rCorr  .         Reflect  .     (no gloves)
SustAt .         Harm     .     (no boots)
MR     .....                    (no amulet)
Stlth  ++........               (no ring)
                                (no ring)

@: brilliant, lethally poisoned (0 -> -9), not resistant to hostile
enchantments, unstealthy
A: unfitting armour, cold-blooded, AC +4
a: no special abilities


You were on level 1 of the Dungeon.
You were not hungry.

You visited 1 branch of the dungeon, and saw 1 of its levels.

You collected 19 gold pieces.

Inventory:

Scrolls
 c - a scroll of teleportation {unknown}
Comestibles
 a - a bread ration {@e1}
 b - 5 chunks of flesh {@w0}


   Skills:
 + Level 3.4 Fighting
 + Level 3.0 Dodging
 - Level 1.7 Stealth
 * Level 4.1 Unarmed Combat


You had one spell level left.
You didn't know any spells.

Dungeon Overview and Level Annotations

Branches:
Dungeon (1/15)

Altars:


Innate Abilities, Weirdness & Mutations

Your plain brown scales are hard (AC +4).
Your body does not fit into most forms of armour.
You are cold-blooded and may be slowed by cold attacks.


Message History

The jackal bites you but does no damage.
The jackal bites you but does no damage.
You hit the jackal.
You kill the jackal!
The jackal misses you.
The jackal bites you but does no damage.
You see here a jackal corpse.
You barely miss the jackal. The jackal barely misses you.
You hit the jackal. The jackal misses you.
You closely miss the jackal. The jackal barely misses you.
The jackal bites you.
You take 1 damage, and have 11/19 hp.
You hit the jackal.
You kill the jackal!
Your Dodging skill increases to level 3!
A jackal comes into view.
There isn't anything here!
You see here a jackal corpse.
You butcher the jackal corpse.
Things that are here:
a chunk of flesh {@w0}; a jackal skeleton
b - 2 chunks of flesh {@w0} (gained 1)
You start resting.
The jackal barks!
You hit the jackal.
You tail-slap the jackal, but do no damage.
The jackal bites you but does no damage.
You hit the jackal.
You kill the jackal!
You have reached level 2!
You regained 4 hp, and now have 17/26 hp.
MP restored: 2 You see here a jackal corpse.
You butcher the jackal corpse.
b - 5 chunks of flesh {@w0} (gained 3)
You see here a jackal skeleton.
c - a scroll labeled LIZOGE FESELL You see here a rat corpse.
Things that are here:
a short sword; a kobold corpse You now have 13 gold pieces (gained 9).
You now have 19 gold pieces (gained 6).
You open the door.
There is an open door here.
d - a golden potion You regained 2 hp, and now have 20/26 hp.
Found a stone staircase leading down.
A kobold comes into view. It is wielding a short sword of venom.
Found a stone staircase leading down.
There is a stone staircase leading down here.
The kobold shouts!
The kobold hits you but does no damage.
You are poisoned.
You hit the kobold.
You feel sick. The kobold hits you but does no damage.
You take 1 damage, and have 20/26 hp.
You hit the kobold. The kobold barely misses you.
You hit the kobold but do no damage.
Your tail-slap misses the kobold.
You feel sick.
The kobold hits you with a short sword of venom!
You are lethally poisoned!
You take 8 damage, and have 12/26 hp.
MASSIVE DAMAGE!!
You hit the kobold.
You kill the kobold!
You feel sick.
You take 1 damage, and have 11/26 hp.
You feel sick.
Things that are here:
a short sword of venom; 5 stones You take 1 damage, and have 10/26 hp.
Drink which item? (? for menu, Esc to quit)
It was a potion of brilliance.
You feel clever all of a sudden.
You feel sick.
You take 2 damage, and have 8/26 hp.
* * * LOW HITPOINT WARNING * * *
You feel sick.
You take 1 damage, and have 7/26 hp.
* * * LOW HITPOINT WARNING * * *
You feel sick.
You take 1 damage, and have 6/26 hp.
* * * LOW HITPOINT WARNING * * *
You feel sick.
There is a stone staircase leading down here.
You take 1 damage, and have 5/26 hp.
* * * LOW HITPOINT WARNING * * *
You feel sick.
You take 1 damage, and have 4/26 hp.
* * * LOW HITPOINT WARNING * * *
You feel sick.
You take 1 damage, and have 3/26 hp.
* * * LOW HITPOINT WARNING * * *
You feel sick.
You take 1 damage, and have 2/26 hp.
* * * LOW HITPOINT WARNING * * *
You feel sick.
* * * LOW HITPOINT WARNING * * *
You feel sick.
You take 1 damage, and have 1/26 hp.
You die...

#..........................
#.####.....#...............
#.####.....##.............#.
#...........#............>..
###...........#.............#
..............#......[......#
####.........[#.............#
##'##......#.@...........#
≈≈≈≈≈.§###.#####.#####...####
....#§≈# #.# #.# #>..#
###.#.≈# .# #.# #...# # #.≈#
.# #.# #...# #.≈# ..# #.).#
#.≈# .## ##### #.≈# .


There were no monsters in sight!

Vanquished Creatures
  A giant gecko (D:1)
  3 jackals (D:1)
  3 kobolds (D:1)
  A rat (D:1)
8 creatures vanquished.

Notes
Turn   | Place    | Note
--------------------------------------------------------------
     0 | D:1      | Raultor the Draconian Monk began the quest for the Orb.
     0 | D:1      | Reached XP level 1. HP: 19/19 MP: 1/1
    47 | D:1      | Reached skill level 3 in Dodging
    75 | D:1      | Reached XP level 2. HP: 17/26 MP: 2/2
   127 | D:1      | HP: 6/26 [poisoned by a kobold]
   131 | D:1      | HP: 2/26 [poisoned by a kobold]
   135 | D:1      | Succumbed to a kobold's poison

Vault maps used:
D:1:      mushboom_english_gardens, serial_corexii_hall, corexii_hall_statues_x,
          corexii_hall_statues_s, kennysheep_small_spiral

Action                   || total
-------------------------++-------
Melee: Unarmed           ||    23
  Use: Potion            ||     1
 Stab: Sleeping          ||     1

Vault maps used:
D:1:      mushboom_english_gardens, serial_corexii_hall, corexii_hall_statues_x,
          corexii_hall_statues_s, kennysheep_small_spiral

Table legend:
 A = Turns spent in this place as a percentage of turns spent in the entire game.
 B = Non-inter-level travel turns spent in this place as a percentage of non-inter-level travel turns spent in the entire game.
 C = Inter-level travel turns spent in this place as a percentage of turns spent in this place.
 D = Turns resting spent in this place as a percentage of non-inter-level travel turns spent in this place.
 E = Turns spent auto-exploring this place as a percentage of non-inter-level travel turns spent in this place.
 F = Non-inter-level travel turns spent in this place divided by the number of levels of this place that you've seen.
                   A       B       C       D       E      F
               +-------+-------+-------+-------+-------+----------------------
         Total | 100.0 | 100.0 |   0.0 |   2.2 |   7.6 |  92.0
       Dungeon | 100.0 | 100.0 |   0.0 |   2.2 |   7.6 |  92.0
               +-------+-------+-------+-------+-------+----------------------

Table legend:
 A = Kills in this place as a percentage of kills in entire the game.
 B = Kills by you in this place as a percentage of kills by you in the entire game.
 C = Kills by friends in this place as a percentage of kills by friends in the entire game.
 D = Other kills in this place as a percentage of other kills in the entire game.
 E = Experience gained in this place as a percentage of experience gained in the entire game.
 F = Experience gained in this place divided by the number of levels of this place that you have seen.
                   A       B       C       D       E      F
               +-------+-------+-------+-------+-------+----------------------
         Total | 100.0 | 100.0 |  -nan |  -nan | 100.0 |  14.0
       Dungeon | 100.0 | 100.0 |  -nan |  -nan | 100.0 |  14.0
               +-------+-------+-------+-------+-------+----------------------
